 Dungeon Crawl Stone Soup version 0.32-a0-484-g2eb335deba (webtiles) character file.

Game seed: 13899411073850716282

72 mopl the Apothecary (level 4, 0/27 HPs)
             Began as an Octopode Alchemist on Feb 26, 2024.
             Slain by an orc priest
             ... wielding a +0 short sword
              (4 damage)
             ... on level 2 of the Dungeon.
             The game lasted 00:01:49 (1942 turns).

mopl the Apothecary (Octopode Alchemist)            Turns: 1942, Time: 00:01:50

Health: 0/27       AC:  1    Str:  7    XL:     4   Next: 25%
Magic:  8/8        EV: 13    Int: 19    God:
Gold:   160        SH:  0    Dex: 12    Spells: 7/8 levels left

rFire   . . .        (no weapon)
rCold   . . .        (no shield)
rNeg    . . .        (helmet restricted)
rPois   .            (no amulet)
rElec   .            (no ring)
rCorr   .            (no ring)
SInv    .            (no ring)
Will    .....        (no ring)
Stlth   +++          (no ring)
HPRegen 0.24/turn    (no ring)
MPRegen 0.11/turn    (no ring)
                     (no ring)

%: no passive effects
@: no status effects
A: almost no armour, amphibious, 8 rings, camouflage 1, gelatinous body 1,
(nimble swimmer 1), tentacles
a: Convert to Beogh


You were on level 2 of the Dungeon.
You visited 1 branch of the dungeon, and saw 3 of its levels.

You collected 160 gold pieces.

Inventory:

Missiles
 h - 3 poisoned darts
Armour
 d - a +0 buckler
Scrolls
 b - 2 scrolls of teleportation {unknown}
 i - a scroll of acquirement {unknown}
 j - a scroll of enchant weapon {unknown}
Potions
 a - a potion of magic
 c - a potion of lignification {unknown}
 e - a potion of heal wounds {unknown}
 f - a potion of resistance {unknown}
 g - a potion of mutation {unknown}


   Skills:
 - Level 2.0 Dodging
 - Level 2.6 Stealth
 + Level 2.8 Spellcasting
 + Level 2.3 Conjurations
 + Level 4.1 Alchemy


You had 7 spell levels left.
You knew the following spells:

 Your Spells              Type           Power      Damage    Failure   Level
a - Sting                 Conj/Alch      56%        1d6       4%          1

Your spell library contained the following spells:

 Spells                   Type           Power      Damage    Failure   Level
 Mercury Vapours          Alch/Air       20%        N/A       10%         2
 Mephitic Cloud           Conj/Alch/Air  10%        N/A       19%         3
 Olgreb's Toxic Radiance  Alch           18%        N/A       28%         4
 Tukima's Dance           Hex            2%         N/A       43%         3
 Sticky Flame             Fire/Alch      10%        2d5       54%         4
 Iskenderun's Mystic Bla  Conj/Tloc      7%         2d4       67%         4
 Dimensional Bullseye     Hex/Tloc       1%         N/A       83%         4


Dungeon Overview and Level Annotations

Branches:
Dungeon (3/15)

Altars:

Annotations:
D:3 Terence


Innate Abilities, Weirdness & Mutations

You cannot wear most types of armour.
You are amphibious.
You can wear up to eight rings at the same time.
Your skin changes colour to match your surroundings (Stealth+).
Your rubbery body absorbs attacks. (AC +1, EV +1)
((You are camouflaged when in or above water. (Stealth+)))
You have tentacles for arms and can constrict up to eight enemies at once.


Message History

The orc priest hits you with a +0 mace!
The orc priest shouts, "Beogh offers mercy even to people such as you.
Join us and be reborn!" (press Y on the ability menu to convert to Beogh)
You climb upwards.
There is a stone staircase leading down here.
Unknown command.
You tentacle-slap the orc priest but do no damage.
You grab the orc priest.
You squeeze the orc priest, but do no damage.
You constrict the orc priest.
The orc priest shouts, "Beogh offers mercy even to people such as you.
Join us and be reborn!"
The orc priest hits you with a +0 mace! The orc priest barely misses you.
The orc priest shouts, "Beogh offers mercy even to people such as you.
Join us and be reborn!"
You tentacle-slap the orc priest but do no damage.
Your grab misses the orc priest.
The orc priest shouts, "Beogh offers mercy even to people such as you.
Join us and be reborn!"
The orc priest shouts, "The Pantheon deserves no one's loyalty.
Let us show you the true path!"
You squeeze the orc priest.
The orc priest is moderately wounded.
You constrict the orc priest, but do no damage.
The orc priest completely misses you.
The orc priest calls down the wrath of Beogh upon you.
Pain shoots through your body!
* * * LOW HITPOINT WARNING * * *
You tentacle-slap the orc priest. Your grab misses the orc priest.
The orc priest is heavily wounded.
You constrict the orc priest. The orc priest misses you.
The orc priest hits you with a +0 short sword.
* * * LOW HITPOINT WARNING * * *
Unknown command.
Unknown command.
You tentacle-slap the orc priest.
The orc priest shouts, "The Pantheon deserves no one's loyalty.
Let us show you the true path!"
You grab the orc priest.
The orc priest shouts, "Surrender to Beogh and we'll let you live!"
You squeeze the orc priest, but do no damage.
The orc priest is heavily wounded.
You constrict the orc priest. x2; The orc priest closely misses you.
The orc priest hits you with a +0 short sword.
You die...

##
.#################
['(............o@#
.####.##########o#
.# #.#.....# #.# .#
#.#.###.# #.# .#
#.#.# #.# #.# ##
#.#.# #.####.# #
#.#.# #...##.# #
#.#.#####.##.######
#
#.#...............#


You could see 2 orc priests.

Vanquished Creatures
  An adder (D:2)
  2 dart slugs
  2 bats
  6 endoplasms
  2 giant cockroaches
  7 hobgoblins
  8 jackals
  6 kobolds
  2 quokkas
  4 ball pythons
  2 frilled lizards (D:1)
  4 goblins
  4 rats
50 creatures vanquished.

Notes
Turn   | Place    | Note
-------+----------+-------------------------------------------
     0 | D:1      | mopl the Octopode Alchemist began the quest for the Orb.
     0 | D:1      | Reached XP level 1. HP: 11/11 MP: 3/3
   173 | D:1      | Reached XP level 2. HP: 17/17 MP: 0/5
   331 | D:1      | Reached XP level 3. HP: 10/21 MP: 4/6
  1065 | D:2      | Reached skill level 2 in Conjurations
  1230 | D:2      | Found a faded altar of an unknown god.
  1459 | D:2      | Reached skill level 4 in Alchemy
  1483 | D:2      | Reached XP level 4. HP: 25/27 MP: 0/8
  1935 | D:3      | Noticed Terence
  1942 | D:2      | Slain by an orc priest

Illustrated notes

Levels and vault maps discovered:
D:1:      nicolae_arrival_washed_ashore, layout_basic,
          minmay_misc_feat_nine_boxes
D:2:      layout_basic, hellmonk_ecumenical_altar_zigzags
D:3:      layout_rooms, ebering_ghost_sewer_d, serial_shops,
          nicolae_shop_just_a_little_nook, st_stairs_11, minmay_misc_feat_tiny,
          uniq_terence

Skill      XL: |  1  2  3 |
---------------+----------+-----
Conjurations   | 2 |  2.3
Alchemy        | 4 |  4.1
Dodging        | |  2.0
Stealth        | |  2.6
Spellcasting   | |  2.8

Action                     |  1- 3 |  4- 6 || total
---------------------------+-------+-------++-------
  Melee: Unarmed           |    60 |     6 ||    66
         Constrict         |    17 |     3 ||    20
         Tentacles         |    15 |     4 ||    19
         Punch             |     4 |       ||     4
   Cast: Sting             |    52 |     7 ||    59
   Stab: Sleeping          |     2 |     2 ||     4
 Armour: Skin              |    42 |     6 ||    48
  Dodge: Dodged            |    63 |     5 ||    68

Table legend: (Time is in decaauts)
 A = Elapsed time spent in this place.
 B = Non-inter-level travel time spent in this place.
 C = Inter-level travel time spent in this place.
 D = Time resting spent in this place.
 E = Time spent auto-exploring this place.
 F = Levels seen in this place.
 G = Mean time per level.
                   A        B        C        D        E       F      G
               +--------+--------+--------+--------+--------+-----+--------+
         Total |   1941 |   1889 |     52 |     58 |   1540 |   3 |  647.0 |
       Dungeon |   1941 |   1889 |     52 |     58 |   1540 |   3 |  647.0 |
               +--------+--------+--------+--------+--------+-----+--------+

Top non-repeatable levels by time:
     D:1: 1033 daAuts
     D:2: 906 daAuts
     D:3: 2 daAuts
